 Dungeon Crawl Stone Soup version 0.18.1-50-g88ac8fd (webtiles) character file.

5156 go0n the Grappler (level 10, 0/159 (163) HPs)
             Began as a Troll Berserker on Sept 16, 2016.
             Was an Elder of Trog.
             Slain by a sheep (7 damage)
             ... led by a cyclops
             ... on level 10 of the Dungeon.
             The game lasted 00:33:00 (7519 turns).

go0n the Grappler (Troll Berserker)                 Turns: 7519, Time: 00:33:02

HP:   0/159 (163)   AC:  6    Str: 42    XL:     10   Next: 33%
MP:   9/9           EV: 10    Int:  3    God:    Trog [****..]
Gold: 391           SH:  0    Dex:  9    Spells: 0 memorised, 9 levels left

rFire  . . .     SeeInvis .       - Unarmed
rCold  + + .     Gourm    +     B - +0 robe {rC+}
rNeg   . . .     Faith    .     (no shield)
rPois  .         Spirit   .     (helmet restricted)
rElec  .         Dismiss  .     k - +0 cloak
rCorr  .         Reflect  .     (gloves unavailable)
SustAt .         Harm     .     (boots unavailable)
MR     ++...                    M - amulet of rage
Stlth  ..........               I - ring of protection from cold
                                y - +5 ring of strength

@: berserking, regenerating, very quick, very resistant to hostile enchantments,
extremely unstealthy
A: unfitting armour, claws 3, hooves 1, camouflage 2, deterioration 1, fast
metabolism 3, gourmand, mutation resistance 1, regeneration 3, shaggy fur 1,
strong 1, tough skin 2
a: Berserk, Trog's Hand, Brothers in Arms, Burn Spellbooks, Renounce Religion,
Evoke Berserk Rage


You were on level 10 of the Dungeon.
You worshipped Trog.
Trog was greatly pleased with you.
You were not hungry.

You visited 1 branch of the dungeon, and saw 11 of its levels.

You collected 391 gold pieces.

Inventory:

Hand Weapons
 j - a cursed +3 dire flail
 u - a +3 great sword
 G - a +2 flail of protection
 H - a cursed +0 giant spiked club
Armour
 a - a +0 animal skin
 k - a +0 cloak (worn)
 B - a +0 robe of cold resistance (worn)
Jewellery
 y - a +5 ring of strength (left claw)
 I - a ring of protection from cold (right claw)
 M - an amulet of rage (around neck)
Wands
 q - a wand of slowing (13/48)
 r - a wand of random effects (18/48)
 t - a wand of lightning (0/15)
 x - a wand of disintegration (10/24)
 A - a wand of lightning (6/15)
 C - a wand of flame (12/48)
Scrolls
 c - 16 scrolls of remove curse
 d - 2 scrolls of amnesia
 f - 2 scrolls of teleportation
 g - 3 scrolls of magic mapping {unknown}
 i - 9 scrolls of identify
 n - a scroll of fear {unknown}
 o - 3 scrolls of blinking {unknown}
 s - a scroll of random uselessness {unknown}
 w - a scroll of fog {unknown}
 D - a scroll of silence {unknown}
Potions
 e - a potion of cure mutation
 h - 2 potions of brilliance
 m - 2 potions of might
 z - a potion of berserk rage
 E - a potion of cancellation {unknown}
 K - a potion of degeneration {unknown}
 L - a potion of experience {unknown}
Comestibles
 b - 2 bread rations
 l - 5 beef jerkies
 p - 3 fruits
 v - a royal jelly
 F - a meat ration


   Skills:
 * Level 9.6 Fighting
 - Level 2.4 Dodging
 + Level 11.0 Unarmed Combat


You had 9 spell levels left.
You didn't know any spells.

Dungeon Overview and Level Annotations

Branches:
Dungeon (11/15)            Temple (0/1) D:6
   Lair: D:8-11         Orc: D:9-12

Altars:
Ashenzari
Nemelex Xobeh
Okawaru
Qazlal
Ru
Trog
Xom
The Shining One


Innate Abilities, Weirdness & Mutations

You are too large for most types of armour.
You have claws for hands.
Your metabolism is lightning-fast.
You like to eat raw meat.
You regenerate.
You are covered in fur (AC +1).
You have very tough skin (AC +2).
You have large cloven feet.
Your skin blends seamlessly with your surroundings (Stealth).
Your body sometimes deteriorates upon taking damage.
You are somewhat resistant to further mutation.
Your muscles are strong. (Str +2)


Message History

Your skin crawls.
You feel resistant to hostile enchantments.
You feel slightly more hungry. Something hits you but does no damage.
The sheep bites you but does no damage. Something hits you!
* * * LOW HITPOINT WARNING * * *
Something hits you.
* * * LOW HITPOINT WARNING * * *
Something hits you!
* * * LOW HITPOINT WARNING * * *
The hound barely misses you.
Drink which item? (? for menu, Esc to quit)
It was a potion of berserk rage.
A red film seems to cover your vision as you go berserk!
You feel yourself moving faster!
You feel mighty!
You feel the effects of Trog's Hand fading.
Something hits you!
* * * LOW HITPOINT WARNING * * *
The hound bites you but does no damage. The sheep bites you!
You die...

#......###
#...)....... #....
#######.####.##.
.............#
.######'###### ..
#....# ... #....#
....####....#
.......h....#
.......@Y#'####...
.......YY....C....
.........Y........
..........S.......
..................
.......<.......$..
...............(..
#####+###.........
#.........


You could see a cyclops, a hound, 4 sheep and an adder.

Vanquished Creatures
  A centaur skeleton (D:11)
  5 yaks (D:9)
  A hippogriff (D:9)
  2 hungry ghosts
  3 orc warriors
  4 sky beasts (D:9)
  3 ogres
  2 ice beasts
  A centaur (D:7)
  3 necrophages
  5 giant frogs
  A scorpion (D:9)
  9 wights
  4 crimson imps
  A quasit (D:9)
  6 orc priests
  2 jellies
  2 giant frog skeletons
  5 hounds
  3 iguanas
  10 orc wizards
  Natasha (thrice) (D:4)
  3 gnolls (D:3)
  4 adders
  A shadow imp (D:9)
  3 oozes
  An adder zombie (D:9)
  2 adder skeletons (D:9)
  A worm (D:2)
  2 dart slugs
  2 giant geckos
  34 orcs
  10 bats
  5 giant cockroaches
  11 goblins
  12 hobgoblins
  6 jackals
  5 quokkas
  4 ball pythons
  A giant gecko skeleton (D:4)
  5 giant newts
  A jackal skeleton (D:5)
  5 kobolds
  8 rats
202 creatures vanquished.

Vanquished Creatures (collateral kills)
  A hill giant (D:6)
1 creature vanquished.

Grand Total: 203 creatures vanquished

Notes
Turn   | Place    | Note
--------------------------------------------------------------
     0 | D:1      | go0n the Troll Berserker began the quest for the Orb.
     0 | D:1      | Reached XP level 1. HP: 22/22 MP: 0/0
   157 | D:1      | Reached XP level 2. HP: 28/29 MP: 1/1
   794 | D:2      | Reached ** piety under Trog
   794 | D:2      | Reached XP level 3. HP: 36/36 MP: 2/2
  1111 | D:2      | Reached skill level 4 in Unarmed Combat
  1226 | D:2      | Found a bloodstained altar of Trog.
  1489 | D:2      | Reached XP level 4. HP: 45/45 MP: 3/3
  1650 | D:3      | Gained mutation: Your skin changes colour to match your surroundings (Stealth). [potion of mutation]
  1650 | D:3      | Gained mutation: You are partially covered in icy blue scales (AC +1). [potion of mutation]
  1756 | D:3      | Reached *** piety under Trog
  1949 | D:3      | Reached XP level 5. HP: 38/53 MP: 4/4
  2181 | D:3      | Reached skill level 5 in Unarmed Combat
  2675 | D:4      | Noticed an ogre
  2684 | D:4      | Killed an ogre
  2684 | D:4      | Reached XP level 6. HP: 43/63 MP: 5/5
  2717 | D:4      | Noticed Natasha
  2725 | D:4      | Killed Natasha
  2725 | D:4      | Reached **** piety under Trog
  2725 | D:4      | Received a gift from Trog
  2900 | D:4      | Noticed Natasha
  2906 | D:4      | Killed Natasha
  2986 | D:4      | Noticed Natasha
  2990 | D:4      | Killed Natasha
  2998 | D:4      | Lost mutation: You are partially covered in icy blue scales (AC +1). [potion of cure mutation]
  3070 | D:4      | Reached skill level 6 in Unarmed Combat
  3156 | D:5      | Entered Level 5 of the Dungeon
  3213 | D:5      | Found a shimmering altar of Xom.
  3414 | D:5      | Found a glowing golden altar of the Shining One.
  3735 | D:5      | Reached XP level 7. HP: 62/71 MP: 6/6
  3740 | D:5      | Reached skill level 5 in Fighting
  4011 | D:6      | Found a stormy altar of Qazlal.
  4022 | D:6      | Found a shattered altar of Ashenzari.
  4302 | D:6      | Found a staircase to the Ecumenical Temple.
  4383 | D:6      | Reached skill level 7 in Unarmed Combat
  4648 | D:6      | Found a glowing golden altar of the Shining One.
  4648 | D:6      | Found a sacrificial altar of Ru.
  4879 | D:6      | Reached XP level 8. HP: 75/82 MP: 7/7
  5148 | D:7      | Noticed a hill giant
  5181 | D:6      | Killed a hill giant
  5181 | D:6      | Reached skill level 8 in Unarmed Combat
  5557 | D:7      | Reached skill level 9 in Unarmed Combat
  5557 | D:7      | Reached XP level 9. HP: 91/91 MP: 8/8
  6408 | D:8      | You fall through a shaft for 3 floors!
  6415 | D:11     | Reached skill level 10 in Unarmed Combat
  6418 | D:11     | Found a sparkling altar of Nemelex Xobeh.
  6422 | D:11     | Noticed a gargoyle
  6430 | D:10     | Entered Level 10 of the Dungeon
  6539 | D:9      | Gained mutation: You have large cloven feet. [mutagenic meat]
  6540 | D:9      | Gained mutation: Your skin blends seamlessly with your surroundings (Stealth). [mutagenic meat]
  6541 | D:9      | Gained mutation: Your body sometimes deteriorates upon taking damage. [mutagenic meat]
  6542 | D:9      | Gained mutation: Your muscles are strong. (Str +2) [mutagenic meat]
  6543 | D:9      | Gained mutation: You regenerate. [mutagenic meat]
  6604 | D:9      | Gained mutation: You are somewhat resistant to further mutation. [mutagenic meat]
  6758 | D:9      | Found an iron altar of Okawaru.
  6898 | D:9      | Reached XP level 10. HP: 88/104 MP: 9/9
  7326 | D:9      | Reached skill level 11 in Unarmed Combat
  7513 | D:10     | Noticed a cyclops
  7519 | D:10     | HP: 7/159 [something (7)]
  7519 | D:10     | Slain by a sheep

Skill      XL: |  1  2  3  4  5  6  7  8  9 10 |
---------------+-------------------------------+-----
Fighting       | 3 4 5 7 9 |  9.6
Unarmed Combat | 4 5 6 7 9 10 11 | 11.0
Dodging        | |  2.4

Action                   |  1- 3 |  4- 6 |  7- 9 | 10-12 || total
-------------------------+-------+-------+-------+-------++-------
Melee: Unarmed           |   107 |   157 |   234 |    57 ||   555
       Punch             |     1 |     3 |    10 |     2 ||    16
       Kick              |       |       |    14 |    22 ||    36
Invok: Trog's Hand       |       |     2 |     5 |     1 ||     8
       Burn Spellbooks   |       |       |     1 |       ||     1
       Brothers in Arms  |       |       |     1 |       ||     1
Evoke: Wand              |       |       |     2 |     1 ||     3
  Use: Scroll            |       |     5 |     1 |       ||     6
       Potion            |       |     9 |     1 |     1 ||    11
 Stab: Sleeping          |     2 |     5 |     3 |       ||    10
       Distracted        |       |       |     1 |       ||     1
  Eat: Chunk             |     9 |    19 |    30 |     9 ||    67
       Bread ration      |     1 |       |     3 |       ||     4
       Fruit             |       |       |     2 |       ||     2
Armor: Animal skin       |    49 |    45 |     8 |       ||   102
       Robe              |       |       |    49 |    21 ||    70
Dodge: Dodged            |    58 |    65 |    72 |    18 ||   213
